 Dungeon Crawl Stone Soup version 0.18.1-48-g4cf74bf (webtiles) character file.

11431 Mesmaeker13 the Fighter (level 11, -1/90 HPs)
             Began as a Demonspawn Gladiator on Aug 15, 2016.
             Was an Elder of Makhleb.
             Slain by a spiny frog (9 damage)
             ... on level 1 of the Lair of Beasts.
             The game lasted 00:27:07 (11533 turns).

Mesmaeker13 the Fighter (Demonspawn Gladiator)     Turns: 11533, Time: 00:27:07

Health: -1/90      AC:  8    Str: 18    XL:     11   Next: 49%
Magic:  0/16       EV: 18    Int: 16    God:    Makhleb [****..]
Gold:   689        SH:  0    Dex: 17    Spells: 0 memorised, 10 levels left

rFire  . . .     SeeInvis .     X - +9 hand axe "Edgheth" {chop, rElec}
rCold  . . .     Gourm    .     v - +1 leather armour of Valour {Int+3}
rNeg   . . .     Faith    .     (no shield)
rPois  .         Spirit   +     c - +0 helmet
rElec  +         Dismiss  .     s - +0 cloak
rCorr  .         Reflect  .     h - +0 pair of gloves
SustAt +         Harm     .     U - +0 pair of boots
MR     .....                    (no amulet)
Stlth  +++++.....               b - +2 ring of strength
                                L - ring of sustain attributes

@: lethally poisoned (-1 -> -14), not resistant to hostile enchantments, quite
stealthy
A: claws 2, thin skeletal structure 2, powered by pain 1, magic shield, magic
regeneration
a: Minor Destruction, Lesser Servant of Makhleb, Major Destruction, Renounce
Religion


You were on level 1 of the Lair of Beasts.
You worshipped Makhleb.
Makhleb was greatly pleased with you.
You were not hungry.

You visited 3 branches of the dungeon, and saw 13 of its levels.

You collected 689 gold pieces.

Inventory:

Hand Weapons
 D - the +8 spear of Zoesiv {venom, SInv}
   (You found it on level 5 of the Dungeon)

   It poisons the flesh of those it strikes.
   It lets you see invisible.
 X - the +9 hand axe "Edgheth" (weapon) {chop, rElec}
   (You found it on level 10 of the Dungeon)

   It inflicts extra damage upon your enemies.
   It insulates you from electricity.
Missiles
 i - a throwing net (quivered)
 Y - 7 javelins
Armour
 c - a +0 helmet (worn)
 h - a +0 pair of gloves (worn)
 s - a +0 cloak (worn)
 v - the +1 leather armour of Valour (worn) {Int+3}
   (You found it on level 10 of the Dungeon)

   It affects your intelligence (+3).
 U - a +0 pair of boots (worn)
Magical Staves
 E - an uncursed staff of power
Jewellery
 b - a +2 ring of strength (right hand)
 m - a +4 ring of strength
 A - an uncursed ring of flight
 L - a ring of sustain attributes (left hand)
Wands
 M - a wand of disintegration (0/24)
Scrolls
 e - a scroll of enchant weapon
 g - 3 scrolls of enchant armour
 j - 11 scrolls of remove curse
 l - a scroll of recharging
 p - 4 scrolls of blinking
 C - a scroll of fog
 I - a scroll of random uselessness {unknown}
 P - 2 scrolls of holy word {unknown}
 Q - a scroll of fear {unknown}
 S - a scroll of amnesia
 W - a scroll of teleportation {unknown}
 Z - a scroll of magic mapping {unknown}
Potions
 k - a potion of cure mutation {unknown}
 q - 2 potions of haste
 u - 3 potions of brilliance
 w - a potion of invisibility
 B - 3 potions of flight
 F - a potion of resistance {unknown}
 G - 2 potions of curing
 H - 3 potions of lignification
 K - 2 potions of heal wounds {unknown}
 T - a potion of ambrosia {unknown}
Miscellaneous
 y - a phantom mirror
Comestibles
 f - 9 bread rations


   Skills:
 + Level 10.1 Fighting
   Level 5.8 Maces & Flails
 - Level 1.7 Throwing
 - Level 2.1 Armour
 + Level 8.8 Dodging
 + Level 9.2 Stealth
 + Level 7.7 Invocations


You had 10 spell levels left.
You didn't know any spells.

Dungeon Overview and Level Annotations

Branches:
Dungeon (11/15)            Temple (1/1) D:5            Lair (1/8) D:11
    Orc: D:9-12

Altars:
Ashenzari
Cheibriados
Dithmenos
Elyvilon
Fedhas
Gozag
Kikubaaqudgha
Makhleb
Nemelex Xobeh
Okawaru
Pakellas
Qazlal
Ru
Sif Muna
Trog
Vehumet
Xom
Yredelemnul
Zin
The Shining One

Annotations:
D:7 exclusion: oklob plant


Innate Abilities, Weirdness & Mutations

You have very sharp fingernails.
You have a moderately thin skeletal structure (Dex +4, Stealth+).
You sometimes gain a little power by taking damage.
When hurt, damage is shared between your health and your magic reserves.
You regenerate magic rapidly.


Message History

You hit the spiny frog.
The spiny frog is moderately wounded.
The spiny frog barely misses you.
You slash the spiny frog!
The spiny frog is severely wounded.
The spiny frog stings you!
* * * LOW HITPOINT WARNING * * *
You are poisoned.
The spiny frog poisons you!
You are too injured to fight recklessly!
You are too injured to fight recklessly!
You barely miss the spiny frog.
The spiny frog is severely wounded.
You feel sick. The spiny frog completely misses you.
You hit the spiny frog.
The spiny frog is almost dead.
You feel sick. The spiny frog stings you!
* * * LOW HITPOINT WARNING * * *
The spiny frog stings you!
You die...

# #.# #.Y....#.. # #.# ##..>#
#.+...YY.#.. # #.#####P...#
#........... ##..........#
##.#Y........ #...##P##...##
#.....Y...#.. ##.## #.)..#
#........... # #.# ##...#
#........#
####♣.#####P...######.##..P#.#.
....♣≈..........@FY....†........
..##≈.P.##.#.#######............
..##≈♣≈.###### #P....?.......
..##P≈P.P# ##..?........#
..##.≈..## #...........#
........# #....#.####..
........# #....### .# ........#
#....# ........#


You could see a yak and a spiny frog.

Vanquished Creatures
  2 hill giants
  A manticore (D:11)
  4 ugly things (D:10)
  2 trolls (D:10)
  A two-headed ogre (D:10)
  A spriggan (D:7)
  2 wyverns
  11 yaks
  2 hippogriffs
  Menkaure (D:6)
  A hungry ghost (D:8)
  Duvessa (D:5)
  A water moccasin (Lair:1)
  5 sky beasts
  A black bear (D:10)
  2 ice beasts
  An orc warrior (D:6)
  7 phantoms
  5 ogres
  A centaur (D:9)
  2 crocodiles
  The ghost of Nahar the Charmwright, an amateur HESk of Makhleb (D:3)
  A big kobold (D:9)
  5 giant frogs
  Dowan (D:5)
  4 scorpions
  4 wights (D:7)
  15 killer bees
  A lava snake (D:11)
  5 crimson imps
  2 centaur zombies
  Crazy Yiuf (D:2)
  4 hounds
  2 jellies
  2 quasits
  3 centaur skeletons
  4 orc priests
  An iguana (D:5)
  Jessica (D:3)
  6 orc wizards
  12 worker ants
  A howler monkey zombie (D:9)
  3 worker ant zombies
  4 gnolls
  12 adders
  2 shadow imps
  An adder zombie (D:9)
  An adder skeleton (D:4)
  4 worms
  5 dart slugs
  3 giant geckos
  28 orcs
  8 bats
  3 giant cockroaches
  8 goblins
  2 hobgoblins
  6 jackals (D:6)
  6 quokkas
  2 ball pythons
  A giant gecko skeleton (D:4)
  2 giant gecko zombies
  6 giant newts
  13 kobolds
  8 rats
258 creatures vanquished.

Vanquished Creatures (others)
  A fungus (Lair:1)
1 creature vanquished.

Grand Total: 259 creatures vanquished

Notes
Turn   | Place    | Note
--------------------------------------------------------------
     0 | D:1      | Mesmaeker13 the Demonspawn Gladiator began the quest for the Orb.
     0 | D:1      | Reached XP level 1. HP: 16/16 MP: 1/1
   153 | D:1      | Gained mutation: When hurt, damage is shared between your health and your magic reserves. [demonic ancestry]
   153 | D:1      | Reached XP level 2. HP: 8/23 MP: 2/2
   278 | D:1      | Gained mutation: You regenerate magic rapidly. [demonic ancestry]
   278 | D:1      | Reached XP level 3. HP: 2/28 MP: 0/3
   949 | D:2      | Reached skill level 3 in Fighting
  1416 | D:2      | Gained mutation: You have a somewhat thin skeletal structure (Dex +2, Stealth). [demonic ancestry]
  1416 | D:2      | Reached XP level 4. HP: 32/35 MP: 4/4
  1490 | D:2      | Noticed Crazy Yiuf
  1498 | D:2      | Killed Crazy Yiuf
  1674 | D:2      | Found an iron altar of Okawaru.
  1815 | D:2      | Reached skill level 1 in Armour
  1933 | D:3      | Reached skill level 1 in Stealth
  1933 | D:3      | Reached XP level 5. HP: 40/41 MP: 5/5
  2227 | D:3      | Noticed Jessica
  2232 | D:3      | Killed Jessica
  2274 | D:3      | Noticed Nahar's ghost (amateur HESk)
  2287 | D:3      | Killed Nahar's ghost
  2287 | D:3      | Reached skill level 4 in Fighting
  2323 | D:3      | Reached XP level 6. HP: 44/48 MP: 4/6
  3012 | D:4      | Gained mutation: You sometimes gain a little power by taking damage. [demonic ancestry]
  3012 | D:4      | Reached XP level 7. HP: 42/55 MP: 7/7
  3041 | D:4      | Reached skill level 5 in Fighting
  3875 | D:5      | Entered Level 5 of the Dungeon
  3960 | D:5      | Noticed Duvessa
  3967 | D:5      | Noticed Dowan
  3970 | D:5      | Killed Dowan
  3983 | D:5      | Killed Duvessa
  4167 | D:5      | Got a dazzling spear
  4307 | D:5      | Gained mutation: You have sharp fingernails. [demonic ancestry]
  4307 | D:5      | Reached XP level 8. HP: 37/64 MP: 5/8
  4449 | D:5      | Found a staircase to the Ecumenical Temple.
  4455 | Temple   | Entered the Ecumenical Temple
  4702 | Temple   | Became a worshipper of Makhleb the Destroyer
  4834 | D:6      | Noticed Menkaure
  4840 | D:6      | Identified the +8 spear of Zoesiv {venom, SInv} (You found it on level 5 of the Dungeon)
  4856 | D:6      | Reached skill level 6 in Fighting
  4885 | D:6      | Killed Menkaure
  4885 | D:6      | Reached skill level 5 in Dodging
  4885 | D:6      | Reached skill level 5 in Stealth
  4901 | D:6      | Found a bloodstained altar of Trog.
  5094 | D:6      | Found an ancient bone altar of Kikubaaqudgha.
  5094 | D:6      | Found a glowing silver altar of Zin.
  5094 | D:6      | Found an oddly glowing altar of Pakellas.
  5096 | D:6      | Found a shadowy altar of Dithmenos.
  5096 | D:6      | Found a white marble altar of Elyvilon.
  5226 | D:6      | Found a shadowy altar of Dithmenos.
  5291 | D:6      | Reached * piety under Makhleb
  5291 | D:6      | Reached skill level 7 in Fighting
  5457 | D:6      | Found a basalt altar of Yredelemnul.
  5461 | D:6      | Gained mutation: You have very sharp fingernails. [demonic ancestry]
  5461 | D:6      | Reached XP level 9. HP: 47/72 MP: 9/9
  5920 | D:6      | Reached ** piety under Makhleb
  6651 | D:7      | Found a blossoming altar of Fedhas.
  6935 | D:7      | Noticed an oklob plant
  7532 | D:8      | Reached skill level 8 in Fighting
  7532 | D:8      | Reached skill level 1 in Invocations
  7768 | D:9      | Reached skill level 5 in Maces & Flails
  7776 | D:9      | Reached XP level 10. HP: 79/82 MP: 9/12
  7781 | D:9      | Reached *** piety under Makhleb
  8616 | D:10     | Entered Level 10 of the Dungeon
  8812 | D:10     | Got a crystal hand axe
  8860 | D:10     | Identified the +9 hand axe "Edgheth" {chop, rElec} (You found it on level 10 of the Dungeon)
  8939 | D:10     | Reached skill level 9 in Fighting
  9124 | D:10     | Reached **** piety under Makhleb
  9255 | D:10     | Got a distressingly furry leather armour
  9266 | D:10     | Identified the +1 leather armour of Valour {Int+3} (You found it on level 10 of the Dungeon)
  9343 | D:10     | Reached skill level 5 in Invocations
  9652 | D:11     | Noticed a hill giant
  9652 | D:11     | Noticed a white ugly thing
  9677 | D:10     | Noticed a hill giant
  9692 | D:10     | Killed a hill giant
  9960 | D:11     | Noticed a green ugly thing
 10008 | D:11     | Noticed a purple ugly thing
 10030 | D:10     | Killed a purple ugly thing
 10030 | D:10     | Gained mutation: You have a moderately thin skeletal structure (Dex +4, Stealth+). [demonic ancestry]
 10030 | D:10     | Reached XP level 11. HP: 86/89 MP: 12/15
 10200 | D:11     | Found a staircase to the Lair.
 10367 | D:11     | Noticed a cyan ugly thing
 10419 | D:10     | Killed a cyan ugly thing
 10571 | D:10     | HP: 2/90 [white ugly thing (18)]
 10574 | D:10     | Killed a white ugly thing
 10579 | D:10     | HP: 4/135 [white ugly thing (28)]
 10581 | D:10     | Killed a white ugly thing
 10912 | D:11     | Killed a hill giant
 10993 | D:11     | Reached skill level 10 in Fighting
 11367 | Lair:1   | Entered Level 1 of the Lair of Beasts
 11533 | Lair:1   | Slain by a spiny frog

Skill      XL: |  1  2  3  4  5  6  7  8  9 10 11 |
---------------+----------------------------------+-----
Maces & Flails | 3 5 |  5.8
Fighting       | 3 4 5 7 8 9 10 | 10.1
Armour         | 1 2 |  2.1
Stealth        | 1 2 3 4 6 7 8 9 |  9.2
Dodging        | 3 4 5 7 8 |  8.8
Invocations    | 3 6 7 |  7.7
Throwing       | |  1.7

Action                   |  1- 3 |  4- 6 |  7- 9 | 10-12 || total
-------------------------+-------+-------+-------+-------++-------
Melee: Flail             |   103 |       |       |       ||   103
       War axe           |    19 |    15 |       |       ||    34
       Quarterstaff      |       |   115 |    60 |       ||   175
       Spear             |       |       |   275 |   162 ||   437
       Hand axe          |       |       |       |   196 ||   196
Throw: Throwing net      |     3 |     3 |     3 |     5 ||    14
       Javelin           |       |       |       |     1 ||     1
Invok: Lesser Servant of |       |       |       |     1 ||     1
Evoke: Wand              |       |       |       |     4 ||     4
  Use: Potion            |     1 |     2 |     2 |     8 ||    13
       Scroll            |     3 |     6 |     6 |     5 ||    20
 Stab: Sleeping          |       |     4 |    16 |    11 ||    31
       Held in net/web   |       |       |     2 |       ||     2
       Confused          |       |       |     1 |       ||     1
       Invisible         |       |       |     4 |     4 ||     8
       Distracted        |       |       |       |     3 ||     3
  Eat: Meat ration       |     1 |       |     1 |     1 ||     3
       Chunk             |       |     2 |    13 |     8 ||    23
       Pizza             |       |       |     1 |       ||     1
       Fruit             |       |       |     1 |     1 ||     2
Armor: Leather armour    |    19 |       |    42 |    92 ||   153
       Ring mail         |    49 |    37 |     1 |       ||    87
       Plate armour      |     3 |    12 |       |       ||    15
       Skin              |       |       |       |    18 ||    18
Dodge: Dodged            |    96 |    68 |   192 |   329 ||   685
